 Dungeon Crawl Stone Soup version 0.21.1-1-g345015f (webtiles) character file.

279634 Kairos the Bludgeoner (level 20, -3/123 HPs)
             Began as a Vine Stalker Fighter on Apr 24, 2018.
             Was the Champion of Okawaru.
             Slain by a vault warden
             ... wielding a +0 long sword of holy wrath
              (25 damage)
             ... on level 2 of the Vaults.
             The game lasted 02:18:37 (31749 turns).

Kairos the Bludgeoner (Vine Stalker Fighter)       Turns: 31749, Time: 02:18:38

Health: -3/123     AC: 24    Str: 37    XL:     20   Next: 45%
Magic:  0/24       EV: 18    Int:  9    God:    Okawaru [******]
Gold:   413        SH: 28    Dex: 17    Spells: 11/21 levels left

rFire    . . .     SeeInvis +   O - +3 demon whip (freeze)
rCold    . . .     Gourm    .   D - +5 shield "Seocroco" {Str+4}
rNeg     + . .     Faith    .   b - +1 chain mail "Leji Lol" {rN+ Slay+3 Stlth-}
rPois    .         Spirit   +   V - +2 hat {SInv}
rElec    .         Reflect  +   a - +2 cloak {MR+}
rCorr    .         Harm     .   K - +0 pair of gloves {Str+3}
MR       +++..                  y - +0 pair of boots {Fly}
Stlth    ++........             r - +5 amulet of reflection
HPRegen  1.10/turn              X - +3 ring of strength
MPRegen  0.19/turn              Y - +3 ring of strength

@: about to teleport, heroism, flying
A: fangs 3, horns 1, regeneration 2, robust 1, magic shield, antimagic bite, no
potion heal 3, rot immunity
}: 2/15 runes: decaying, gossamer
a: Heroism, Finesse, Renounce Religion, Stop Flying


You were on level 2 of the Vaults.
You worshipped Okawaru.
Okawaru was exalted by your worship.
You were hungry.

You visited 7 branches of the dungeon, and saw 32 of its levels.
You also visited: Labyrinth and Ice Cave.

You collected 3542 gold pieces.
You spent 3129 gold pieces at shops.

Inventory:

Hand Weapons
 e - a +9 morningstar of protection
 l - a +1 eveningstar of draining
 p - a +1 broad axe of chopping
 L - the +3 hunting sling of Quarrel {flame, +Fly rElec}
   (You found it in a labyrinth)

   It causes projectiles fired from it to burn those they strike, causing extra
   injury to most foes and up to half again as much damage against particularly
   susceptible opponents.
   It insulates you from electricity.
   It lets you fly.
 O - a +3 demon whip of freezing (weapon)
 W - the +5 hand crossbow "Bomuod Esaz" {velocity, Stlth+}
   (You found it on level 1 of the Spider Nest)

   Any bolt fired from it inflicts extra damage.
   It makes you more stealthy.
Missiles
 k - 5 silver javelins (quivered)
 F - 7 javelins of returning
Armour
 a - a +2 cloak of magic resistance (worn)
 b - the +1 chain mail "Leji Lol" (worn) {rN+ Slay+3 Stlth-}
   (You bought it in a shop on level 10 of the Dungeon)

   It affects your accuracy and damage with ranged weapons and melee attacks
   (+3).
   It protects you from negative energy.
   It makes you less stealthy.
 y - a +0 pair of boots of flying (worn)
 D - the +5 shield "Seocroco" (worn) {Str+4}
   (You acquired it on level 5 of the Dungeon)

   It affects your strength (+4).
 K - a +0 pair of gloves of strength (worn)
 V - a +2 hat of see invisible (worn)
Jewellery
 n - an uncursed ring of wizardry
 r - a +5 amulet of reflection (around neck)
 v - an uncursed ring of protection from cold
 z - an uncursed ring of protection from fire
 R - a +4 ring of intelligence
 T - an uncursed amulet of regeneration
 X - a +3 ring of strength (left hand)
 Y - a +3 ring of strength (right hand)
Wands
 m - a wand of paralysis (68)
 M - a wand of iceblast (32)
 P - a wand of scattershot (6)
 Q - a wand of acid (27)
 S - a wand of clouds (3)
 U - a wand of digging (20)
Scrolls
 c - 4 scrolls of identify
 i - 11 scrolls of remove curse
 j - 7 scrolls of magic mapping
 o - 10 scrolls of teleportation
 q - 2 scrolls of fear
 w - 6 scrolls of blinking
 x - 2 scrolls of fog
 B - a scroll of silence
 G - 3 scrolls of summoning
 H - 5 scrolls of immolation
Potions
 d - 7 potions of might
 g - 4 potions of brilliance
 h - 2 potions of resistance
 s - 2 potions of magic
 u - 5 potions of ambrosia
 A - 9 potions of curing
 C - 2 potions of invisibility
 E - 4 potions of lignification
 I - 4 potions of haste
 J - 2 potions of berserk rage
 N - 3 potions of cancellation
 Z - 3 potions of agility
Books
 t - a book of Annihilations

   Spells                             Type                      Level
   a - Poison Arrow                   Conjuration/Poison           6
   b - Chain Lightning                Conjuration/Air              8
   c - Lehudib's Crystal Spear        Conjuration/Earth            8
   d - Glaciate                       Conjuration/Ice              9
   e - Fire Storm                     Conjuration/Fire             9
Comestibles
 f - 79 rations


   Skills:
 + Level 14.7(19.7) Fighting
 + Level 8.0(18.0) Axes
 - Level 15.9(21.5) Maces & Flails
 + Level 1.8(6.8) Throwing
 + Level 11.8(16.8) Armour
 + Level 7.2(12.2) Dodging
 * Level 9.0(14.0) Stealth
 - Level 15.0(20.0) Shields
 + Level 1.0 Spellcasting
 + Level 0.8 Hexes
 + Level 1.0 Charms
 + Level 0.8 Necromancy
 + Level 0.8 Ice Magic
 + Level 1.0 Air Magic
 + Level 4.7 Invocations
 + Level 1.7 Evocations


You had 11 spell levels left.
You knew the following spells:

 Your Spells              Type           Power        Failure   Level  Hunger
a - Swiftness             Chrm/Air       #.......     65%         2    ###....
b - Metabolic Englaciati  Hex/Ice        #.........   100%        5    ######.
c - Regeneration          Chrm/Necr      #.........   88%         3    ####...


Dungeon Overview and Level Annotations

Branches:
Dungeon (13/15)            Temple (1/1) D:5            Lair (6/6) D:11
  Swamp (4/4) Lair:3       Spider (4/4) Lair:3        Slime (0/5) Lair:6
    Orc (2/2) D:11            Elf (0/3) Orc:2        Vaults (2/5) D:13
  Crypt: Vaults:2-3

Altars:
Ashenzari
Cheibriados
Dithmenos
Gozag
Hepliaklqana
Kikubaaqudgha
Makhleb
Nemelex Xobeh
Okawaru
Qazlal
Ru
Sif Muna
Trog
Uskayaw
Vehumet
Wu Jian
Xom
Yredelemnul
The Shining One
Beogh

Shops:
D:4 (   D:5 ?   D:6 %[[*   D:10 *   Orc:1 :   Orc:2 !(??}

Annotations:
D:10 1 runed door
Lair:6 exclusion: 3 oklob plants


Innate Abilities, Weirdness & Mutations

You have razor-sharp teeth.
You heal very quickly.
When hurt, damage is shared between your health and your magic reserves.
Your bite disrupts and absorbs the magic of your enemies.
Potions cannot restore your health.
You are immune to rotting.
You have a pair of small horns on your head.
You are robust. (+10% HP)


Message History

You are too injured to fight recklessly!
You are too injured to fight recklessly!
Unknown command.
You gain the combat prowess of a mighty hero.
The ironbrand convoker casts a spell at the freezing wraith.
The freezing wraith seems to grow stronger.
The vault warden hits you with a long sword of holy wrath!!!
* * * LOW HITPOINT WARNING * * *
You block the freezing wraith's attack. x2
Okay, then.
You whack the vault warden! You freeze the vault warden.
The vault warden blocks your attack.
The vault warden is moderately wounded.
The ironbrand convoker hits you with a great mace!
* * * LOW HITPOINT WARNING * * *
Okay, then.
As you read the scroll of teleportation, it crumbles to dust.
You feel strangely unstable.
The vault warden hits you with a long sword of holy wrath!!
You die...

###### #....# #....#
#...)# ########
#..)@#########......#
#..ppW(......#......#
#...)#)..<...#......#
#....#.†.....#......#
#....#.....†.#......#
#....#.......#.<....#
#....#.......'......#
#....################
#....


You could see a vault warden, an ironbrand convoker and a freezing wraith.

Vanquished Creatures
  Mara (Swamp:4)
  the Lernaean hydra (Swamp:4)
  Jorgrun (Swamp:2)
  A tentacled monstrosity (Swamp:4)
  Roxanne (Swamp:2)
  2 thorn hunters
  A vault warden (Vaults:1)
  A frost giant (IceCv)
  4 emperor scorpions
  4 ghost moths
  Louise (Swamp:3)
  3 ironheart preservers
  3 entropy weavers
  Azrael (D:13)
  4 dire elephants (Lair:6)
  2 spark wasps
  A fire dragon (Vaults:2)
  A minotaur (Lab)
  A vault guard (Vaults:2)
  2 yaktaur captains
  2 ice dragons (Vaults:1)
  Erolcha (D:9)
  A rakshasa (Vaults:2)
  23 hydras
  3 centaur warriors
  10 alligators
  An anaconda (Lair:6)
  2 ghost crabs
  6 death yaks (Lair:2)
  11 two-headed ogres
  3 ogre magi
  A queen ant (Lair:4)
  2 deep troll shamans (Vaults:1)
  Nergalle (Lair:2)
  A deep elf knight (Vaults:1)
  2 shadow wraiths
  A death drake (Swamp:3)
  12 swamp dragons
  2 unseen horrors (Vaults:1)
  A deep troll (Vaults:1)
  2 spriggan druids
  Pikel (D:6)
  A wizard (Vaults:1)
  2 ironbrand convokers
  4 spectral hydras (Swamp:3)
  5 shambling mangroves
  2 necromancers
  A deep elf mage (D:13)
  A phantasmal warrior (Swamp:3)
  4 harpies (Vaults:1)
  A tengu skeleton (Vaults:1)
  3 ugly things (Vaults:1)
  A human zombie (Vaults:1)
  3 cyclopes
  5 orc knights
  30 wolf spiders
  16 orb spiders
  2 manticores
  2 moths of wrath
  Maurice (D:10)
  5 black mambas
  21 elephants
  A guardian serpent (D:11)
  A torpor snail (Spider:4)
  An ice statue (IceCv)
  4 vault sentinels
  18 spiny frogs
  3 swamp worm zombies (Swamp:3)
  9 yaktaurs
  A centaur skeleton (D:11)
  4 rime drakes
  A kobold demonologist (D:13)
  19 demonic crawlers
  3 komodo dragons
  2 freezing wraiths
  34 jumping spiders
  A queen bee (D:13)
  5 trolls
  17 polar bears (IceCv)
  10 tyrant leeches
  27 hornets
  3 alligator zombies (Swamp:3)
  3 meliai (D:13)
  20 bog bodies
  17 blink frogs
  11 dream sheep
  A minotaur skeleton (Lab)
  19 slime creatures
  2 spectral swamp dragons (Swamp:3)
  A large abomination (Swamp:3)
  10 hippogriffs
  A human simulacrum (Vaults:1)
  6 spriggans
  4 wraiths
  21 tarantellas
  3 wyverns
  69 yaks
  52 redbacks
  2 fire elementals (D:13)
  2 hungry ghosts
  3 tyrant leech zombies (Swamp:3)
  15 vampire mosquitoes
  A basilisk (Lair:2)
  A warg (Orc:1)
  21 soldier ants
  6 insubstantial wisps (Swamp:3)
  23 swamp worms
  6 spiny frog zombies (Swamp:3)
  4 hell hounds (D:13)
  10 water moccasins
  3 acid dragons
  20 swamp drakes
  9 ice beasts
  10 porcupines
  25 orc warriors
  A black bear (Lair:1)
  An eye of draining (D:12)
  4 sky beasts
  15 ogres
  5 phantoms
  A necrophage (D:10)
  12 wolves
  15 centaurs
  12 crocodiles
  5 big kobolds
  A big kobold (shapeshifter) (Vaults:2)
  18 bullfrogs
  A yaktaur zombie (Vaults:1)
  2 scorpions
  5 spriggan zombies (Swamp:3)
  26 killer bees
  An electric eel (Spider:4)
  3 howler monkeys
  4 crimson imps
  A yaktaur simulacrum (Vaults:1)
  3 quasits
  4 hounds
  18 jellies
  14 orc wizards
  A bullfrog zombie (D:11)
  17 orc priests
  An iguana (D:9)
  Jessica (D:2)
  A bullfrog skeleton (D:10)
  33 worker ants
  A killer bee zombie (D:8)
  A hound skeleton (D:4)
  A worker ant zombie (D:9)
  10 adders
  7 gnolls
  2 shadow imps
  An ooze (D:6)
  2 adder skeletons
  3 worms
  4 dart slugs
  5 leopard geckos
  78 orcs
  12 bats
  5 giant cockroaches
  17 goblins
  17 hobgoblins
  16 jackals
  7 quokkas
  4 frilled lizards
  3 jackal zombies
  31 kobolds
  A leopard gecko zombie (D:8)
  A quokka zombie (D:9)
  7 rats
  A fungus (Lair:4)
  7 plants (Lair:6)
1270 creatures vanquished.

Vanquished Creatures (others)
  A centaur warrior (Orc:2)
  3 yaktaurs
  A polar bear (IceCv)
  A slave (D:6)
  5 orc warriors (Orc:2)
  9 wolves (IceCv)
  5 centaurs
  Blork the orc (D:9)
  3 orcs (Orc:2)
  2 bushes
  19 fungi
  14 plants
  2 withered plants (Swamp:3)
66 creatures vanquished.

Grand Total: 1336 creatures vanquished

Notes
Turn   | Place    | Note
-------+----------+-------------------------------------------
     0 | D:1      | Kairos the Vine Stalker Fighter began the quest for the Orb.
     0 | D:1      | Reached XP level 1. HP: 11/11 MP: 2/2
    52 | D:1      | Reached XP level 2. HP: 15/16 MP: 3/3
   170 | D:1      | Reached XP level 3. HP: 14/20 MP: 4/4
   612 | D:2      | Found a faded altar of an unknown god.
   696 | D:2      | Gained mutation: Your natural rate of healing is unusually fast. [Vine Stalker growth]
   696 | D:2      | Reached XP level 4. HP: 14/24 MP: 5/5
   915 | D:2      | Noticed Jessica
   920 | D:2      | Killed Jessica
   966 | D:2      | Reached skill level 1 in Dodging
   966 | D:2      | Reached XP level 5. HP: 24/28 MP: 3/6
  1730 | D:3      | Found a glowing golden altar of the Shining One.
  1797 | D:3      | Reached XP level 6. HP: 31/32 MP: 4/7
  2005 | D:4      | Noticed a phantom
  2036 | D:4      | Killed a phantom
  2192 | D:4      | Reached XP level 7. HP: 35/36 MP: 8/8
  2608 | D:4      | Reached skill level 5 in Axes
  2791 | D:4      | Found Eshet's Weapon Emporium.
  3012 | D:5      | Entered Level 5 of the Dungeon
  3116 | D:5      | Found Xageiq's Magic Scroll Shop.
  3157 | D:5      | Found a shadowy altar of Dithmenos.
  3249 | D:5      | Found a snail-covered altar of Cheibriados.
  3399 | D:5      | Found a staircase to the Ecumenical Temple.
  3432 | Temple   | Entered the Ecumenical Temple
  3532 | Temple   | Became a worshipper of Warmaster Okawaru
  3850 | D:6      | Gained mutation: You have razor-sharp teeth. [Vine Stalker growth]
  3850 | D:6      | Reached XP level 8. HP: 42/42 MP: 9/9
  4200 | D:6      | Found Seiguagyta's Assorted Antiques.
  4205 | D:6      | Noticed Pikel
  4232 | D:6      | Killed Pikel
  4232 | D:6      | Reached * piety under Okawaru
  4243 | D:6      | Reached ** piety under Okawaru
  4243 | D:6      | Reached skill level 5 in Armour
  4339 | D:6      | Found Cino's Food Shoppe.
  4439 | D:6      | Found Teysea's Antique Armour Shoppe.
  4559 | D:6      | Found Qitt's Armour Boutique.
  4634 | D:6      | Found a radiant altar of Vehumet.
  4807 | D:7      | Reached skill level 1 in Stealth
  4807 | D:7      | Reached XP level 9. HP: 46/46 MP: 10/10
  4979 | D:7      | Reached skill level 5 in Shields
  5339 | D:7      | Found a bloodstained altar of Trog.
  5841 | D:4      | Bought a +5 morningstar of protection for 349 gold pieces
  5967 | D:8      | Reached skill level 1 in Maces & Flails
  6044 | D:8      | Found a shattered altar of Ashenzari.
  6092 | D:8      | Reached *** piety under Okawaru
  6151 | D:8      | Found a stormy altar of Qazlal.
  6594 | D:8      | Reached skill level 5 in Fighting
  6682 | D:9      | Reached XP level 10. HP: 49/51 MP: 9/11
  6732 | D:9      | Noticed a two-headed ogre
  6740 | D:9      | Killed a two-headed ogre
  6740 | D:9      | Reached **** piety under Okawaru
  6740 | D:9      | Reached skill level 5 in Maces & Flails
  6934 | D:9      | Noticed Erolcha
  6968 | D:9      | Killed Erolcha
  7155 | D:9      | Noticed a two-headed ogre
  7174 | D:9      | Killed a two-headed ogre
  7174 | D:9      | Reached ***** piety under Okawaru
  7306 | D:9      | Reached XP level 11. HP: 55/56 MP: 12/12
  7512 | D:9      | Noticed Blork the orc
  7654 | D:9      | Killed Blork the orc
  7666 | D:9      | Found a deep blue altar of Sif Muna.
  7822 | D:10     | Entered Level 10 of the Dungeon
  7850 | D:10     | Found a runed door.
  7868 | D:10     | Found Bomez's General Store.
  7986 | D:10     | Reached skill level 1 in Throwing
  7997 | D:10     | Found a runed door.
  8112 | D:10     | Noticed a two-headed ogre
  8122 | D:10     | Killed a two-headed ogre
  8122 | D:10     | Received a gift from Okawaru
  8181 | D:10     | Noticed Maurice
  8189 | D:10     | Killed Maurice
  8419 | D:10     | Noticed a two-headed ogre
  8437 | D:10     | Killed a two-headed ogre
  8786 | D:10     | Paralysed by a hornet for 2 turns
  8828 | D:10     | Received a gift from Okawaru
  8960 | D:11     | Found a staircase to the Lair.
  9081 | D:11     | Reached ****** piety under Okawaru
  9257 | D:11     | Gained mutation: You heal very quickly. [Vine Stalker growth]
  9257 | D:11     | Reached XP level 12. HP: 62/62 MP: 13/13
  9301 | D:11     | Got an ichor-stained helmet
  9307 | D:11     | Identified the +0 helmet of Vanity {Str+2} (You found it on level 11 of the Dungeon)
  9360 | D:11     | Found a staircase to the Orcish Mines.
  9668 | Lair:1   | Entered Level 1 of the Lair of Beasts
  9696 | Lair:1   | Found a frozen archway.
  9719 | IceCv    | Entered an ice cave
  9728 | IceCv    | Reached skill level 10 in Maces & Flails
 10288 | IceCv    | Reached skill level 1 in Invocations
 10421 | IceCv    | Received a gift from Okawaru
 10493 | IceCv    | Received a gift from Okawaru
 10645 | IceCv    | Noticed a frost giant
 10664 | IceCv    | Killed a frost giant
 10702 | IceCv    | Got a polished quarterstaff
 10704 | IceCv    | Identified the Papyrus of Icy Boosts
 10747 | Lair:1   | Identified the +5 quarterstaff of Xamurul {freeze, MR++} (You found it in an ice cave)
 10833 | Lair:1   | Reached XP level 13. HP: 41/67 MP: 11/14
 10904 | Lair:1   | Received a gift from Okawaru
 11878 | Lair:2   | Noticed Nergalle
 11889 | Lair:2   | Killed Nergalle
 12171 | Lair:2   | Reached skill level 5 in Stealth
 12695 | D:6      | Bought a polished chain mail for 228 gold pieces
 12705 | D:6      | Identified the +4 chain mail of the Blind Marksman {-Tele MR+ rCorr} (You bought it in a shop on level 6 of the Dungeon)
 12798 | D:10     | Bought the cursed +1 chain mail "Leji Lol" {rN+ Slay+3 Stlth-} for 491 gold pieces
 12986 | Lair:3   | Found a hole to the Spider Nest.
 13400 | Lair:3   | Received a gift from Okawaru
 13566 | Lair:3   | Found a staircase to the Swamp.
 14061 | Lair:4   | Reached XP level 14. HP: 64/74 MP: 13/16
 14179 | Lair:4   | Noticed an entropy weaver
 14179 | Lair:4   | Noticed an entropy weaver
 14347 | Lair:4   | Killed an entropy weaver
 14525 | Lair:4   | Killed an entropy weaver
 15397 | Lair:6   | Entered Level 6 of the Lair of Beasts
 15397 | Lair:6   | Found a staircase to the Slime Pits.
 15510 | Lair:5   | Reached skill level 5 in Dodging
 15527 | Lair:5   | Received a gift from Okawaru
 15727 | Lair:6   | Reached skill level 10 in Shields
 15748 | Lair:5   | Received a gift from Okawaru
 16052 | Lair:6   | Received a gift from Okawaru
 16084 | Lair:6   | Reached XP level 15. HP: 79/79 MP: 18/18
 16111 | Lair:6   | Learned a level 2 spell: Swiftness
 16145 | Lair:6   | Learned a level 5 spell: Metabolic Englaciation
 17297 | Swamp:1  | Entered Level 1 of the Swamp
 17608 | Swamp:1  | Received a gift from Okawaru
 17608 | Swamp:1  | Reached skill level 10 in Fighting
 18123 | Swamp:2  | Noticed Jorgrun
 18143 | Swamp:2  | Killed Jorgrun
 18203 | Swamp:2  | Received a gift from Okawaru
 18402 | Swamp:2  | Noticed Roxanne
 18434 | Swamp:2  | Killed Roxanne
 18434 | Swamp:2  | Reached skill level 15 in Maces & Flails
 18970 | Swamp:3  | Reached XP level 16. HP: 74/86 MP: 13/19
 19179 | Swamp:3  | Noticed a thorn hunter
 19185 | Swamp:3  | Killed a thorn hunter
 19185 | Swamp:3  | Received a gift from Okawaru
 19843 | Swamp:3  | Noticed Louise
 19860 | Swamp:3  | Killed Louise
 20208 | Swamp:4  | Entered Level 4 of the Swamp
 20214 | Swamp:3  | Received a gift from Okawaru
 20342 | Swamp:4  | Received a gift from Okawaru
 20607 | Swamp:4  | Noticed a tentacled monstrosity
 20663 | Swamp:4  | Killed a tentacled monstrosity
 20671 | Swamp:4  | Identified a scroll of acquirement
 20728 | Swamp:4  | Reached skill level 10 in Armour
 21509 | Swamp:4  | Noticed the 27-headed Lernaean hydra
 21640 | Swamp:4  | Noticed a thorn hunter
 21660 | Swamp:4  | Killed a thorn hunter
 21660 | Swamp:4  | Reached XP level 17. HP: 92/93 MP: 20/20
 21721 | Swamp:4  | Killed the 27-headed Lernaean hydra
 21721 | Swamp:4  | Received a gift from Okawaru
 21749 | Swamp:4  | Noticed Mara
 21758 | Swamp:4  | Noticed Kairos's illusion
 21915 | Swamp:4  | Got a decaying rune of Zot
 21990 | Swamp:4  | Reached skill level 1 in Evocations
 21998 | Swamp:4  | Noticed Kairos's illusion
 22010 | Swamp:4  | Killed Mara
 22453 | Swamp:1  | Received a gift from Okawaru
 22528 | Lair:2   | Learned a level 3 spell: Regeneration
 22606 | Spider:1 | Entered Level 1 of the Spider Nest
 22761 | Spider:1 | Got a jewelled hand crossbow
 22762 | Spider:1 | Identified the +5 hand crossbow "Bomuod Esaz" {velocity, Stlth+} (You found it on level 1 of the Spider Nest)
 23001 | Spider:1 | Gained mutation: Your mind is acute. (Int +2) [potion of mutation]
 23001 | Spider:1 | Gained mutation: You have a pair of small horns on your head. [potion of mutation]
 23002 | Spider:1 | Lost mutation: You have a pair of small horns on your head. [potion of mutation]
 23002 | Spider:1 | Lost mutation: Your mind is acute. (Int +2) [potion of mutation]
 23002 | Spider:1 | Gained mutation: You are covered in fur. (AC +1) [potion of mutation]
 23002 | Spider:1 | Gained mutation: You occasionally shout uncontrollably at your foes. [potion of mutation]
 23002 | Spider:1 | Gained mutation: You have sharp fingernails. [potion of mutation]
 23003 | Spider:1 | Lost mutation: You have sharp fingernails. [potion of mutation]
 23003 | Spider:1 | Lost mutation: You occasionally shout uncontrollably at your foes. [potion of mutation]
 23003 | Spider:1 | Lost mutation: You are covered in fur. (AC +1) [potion of mutation]
 23003 | Spider:1 | Gained mutation: You have a pair of small horns on your head. [potion of mutation]
 23003 | Spider:1 | Gained mutation: You are robust. (+10% HP) [potion of mutation]
 23754 | Spider:2 | Received a gift from Okawaru
 23762 | Spider:2 | Got a bloodstained flail {god gift}
 23763 | Spider:2 | Identified the +3 flail "Erhohurch" {flame, MR+} (Okawaru gifted it to you on level 2 of the Spider Nest)
 24540 | Spider:3 | Reached XP level 18. HP: 106/108 MP: 22/22
 24596 | Spider:3 | Received a gift from Okawaru
 25484 | Spider:4 | Entered Level 4 of the Spider Nest
 26502 | Spider:4 | Got a gossamer rune of Zot
 26998 | Orc:1    | Entered Level 1 of the Orcish Mines
 27136 | Orc:1    | Found a roughly hewn altar of Beogh.
 27302 | Orc:1    | Found Ceta's Book Shoppe.
 27414 | Orc:2    | Entered Level 2 of the Orcish Mines
 27414 | Orc:2    | Found a staircase to the Elven Halls.
 27522 | Orc:2    | Found Wamat's Gadget Shop.
 27930 | Orc:2    | Found Kesk's Antique Weapon Boutique.
 27930 | Orc:2    | Found Meiru's Magic Scroll Emporium.
 27930 | Orc:2    | Found Xinocipt's Magic Scroll Shoppe.
 27942 | Orc:2    | Found Kutt's Distillery.
 28204 | Orc:2    | Bought a scroll of acquirement for 572 gold pieces
 28221 | Orc:2    | Bought a potion of might for 44 gold pieces
 28221 | Orc:2    | Bought a potion of haste for 110 gold pieces
 28221 | Orc:2    | Bought a potion of agility for 44 gold pieces
 28221 | Orc:2    | Bought a potion of might for 44 gold pieces
 28224 | Orc:2    | Bought 3 scrolls of teleportation for 99 gold pieces
 28226 | Orc:2    | Bought a scroll of silence for 97 gold pieces
 28360 | D:5      | Bought a scroll of fear for 45 gold pieces
 28360 | D:5      | Bought a scroll of acquirement for 676 gold pieces
 28360 | D:5      | Bought a scroll of enchant weapon for 97 gold pieces
 28360 | D:5      | Bought a scroll of enchant weapon for 97 gold pieces
 28365 | D:5      | Got a slimy shield
 28376 | D:5      | Identified the +5 shield "Seocroco" {Str+4} (You acquired it on level 5 of the Dungeon)
 28541 | D:10     | Bought 2 potions of might for 136 gold pieces
 28660 | D:12     | Received a gift from Okawaru
 29292 | D:13     | Found a labyrinth entrance.
 29318 | Lab      | Entered a labyrinth
 29805 | Lab      | Got a pitted hunting sling
 29806 | Lab      | Identified the cursed +3 hunting sling of Quarrel {flame, +Fly rElec} (You found it in a labyrinth)
 29835 | D:13     | Noticed Azrael
 29843 | D:13     | Killed Azrael
 29864 | D:13     | Reached skill level 15 in Shields
 29896 | D:13     | Reached skill level 1 in Spellcasting
 29896 | D:13     | Reached skill level 1 in Charms
 29896 | D:13     | Reached skill level 1 in Air Magic
 29896 | D:13     | Reached XP level 19. HP: 102/115 MP: 23/23
 30390 | D:13     | Found a gate to the Vaults.
 30621 | Vaults:1 | Entered Level 1 of the Vaults
 30676 | Vaults:1 | Reached XP level 20. HP: 121/121 MP: 24/24
 31443 | Vaults:1 | Received a gift from Okawaru
 31749 | Vaults:2 | Slain by a vault warden

Skill      XL: |  1  2  3  4  5  6  7  8  9 10 11 12 13 14 15 16 17 18 19 20 |
---------------+-------------------------------------------------------------+-----
Axes           | 2 3 4 5 6 7 8 |  8.0
Fighting       | 3 4 5 6 7 8 9 10 11 12 13 14 | 14.7
Shields        | 3 4 5 6 7 8 9 10 11 12 13 15 | 15.0
Armour         | 3 4 5 6 7 8 9 10 11 | 11.8
Dodging        | 1 2 3 4 5 6 7 |  7.2
Stealth        | 1 2 3 5 6 7 9 |  9.0
Maces & Flails | 3 7 9 11 13 14 15 | 15.9
Throwing       | 1 |  1.8
Invocations    | 1 2 3 4 |  4.7
Evocations     | 1 |  1.7
Spellcasting   | 1 |  1.0
Charms         | 1 |  1.0
Air Magic      | 1 |  1.0
Hexes          | |  0.8
Necromancy     | |  0.8
Ice Magic      | |  0.8

Action                   |  1- 3 |  4- 6 |  7- 9 | 10-12 | 13-15 | 16-18 | 19-21 || total
-------------------------+-------+-------+-------+-------+-------+-------+-------++-------
Melee: War axe           |   104 |   188 |   252 |       |    14 |       |       ||   558
       Bite              |    28 |    46 |    94 |   202 |   521 |   793 |   152 ||  1836
       Morningstar       |       |       |    55 |   383 |   525 |       |       ||   963
       Demon whip        |       |       |     6 |    54 |   290 |  1461 |   289 ||  2100
       Eveningstar       |       |       |       |   112 |   183 |       |       ||   295
       Headbutt          |       |       |       |       |       |   280 |    90 ||   370
Throw: Tomahawk          |       |       |     6 |    22 |       |       |       ||    28
       Javelin           |       |       |       |       |     4 |       |       ||     4
Invok: Heroism           |       |       |       |     6 |    19 |    13 |     1 ||    39
       Finesse           |       |       |       |     1 |     5 |     3 |       ||     9
Evoke: Wand              |       |       |       |    14 |     3 |     2 |       ||    19
  Use: Potion            |       |     1 |       |       |     2 |     6 |       ||     9
       Scroll            |       |       |    12 |     8 |    12 |    21 |     1 ||    54
 Stab: Sleeping          |       |       |     1 |       |     5 |       |       ||     6
       Paralysed         |       |       |       |       |     4 |       |       ||     4
  Eat: Chunk             |       |     5 |     5 |    11 |    13 |    13 |     5 ||    52
       Ration            |       |       |     3 |     2 |     3 |     7 |       ||    15
Armor: Scale mail        |    51 |    96 |    23 |       |       |       |       ||   170
       Ring mail         |       |       |    67 |   161 |    31 |       |       ||   259
       Chain mail        |       |       |       |       |   325 |   402 |    36 ||   763
Dodge: Dodged            |    38 |    61 |    93 |   225 |   379 |   433 |    50 ||  1279
Block: Shield            |    66 |   118 |   169 |   334 |   587 |   946 |   217 ||  2437
       Reflection        |       |       |       |     2 |       |    80 |    25 ||   107
